Senators vs Wolfes
Created - December 31, 2020 at 20:38
Goals
|
| Senators |
0 |
5 |
1 |
6 |
| Wolfes |
1 |
2 |
0 |
3 |
|
Shots
|
| Senators |
5 |
16 |
4 |
25 |
| Wolfes |
9 |
9 |
8 |
26 |
|
1st period
1. Wolfes , Martin Hanzal 11 (Damon Severson 17, Jamie Oleksiak 23) at 16:22
Penalties :
Lawson Crouse (RIM) for High sticking (Minor) at 19:54
2nd period
2. Senators , Zachary Sanford 8 (Chandler Stephenson 6, Dylan Blujus 8) at 6:31
3. Senators , Jack Dougherty 1 (Zachary Sanford 3, Chandler Stephenson 7) at 9:46
4. Wolfes , Alexandre Grenier 16 (Blake Pietila 29, Martin Hanzal 21) at 12:56 (PP)
5. Wolfes , Kyle Rau 17 (Max Friberg 16, Lawson Crouse 6) at 16:33
6. Senators , Zachary Sanford 9 (Scott Harrington 9, Chandler Stephenson 8) at 17:37
7. Senators , Nick Foligno 13 (Jonathan Ferland 25, Nathan Gerbe 37) at 18:16 (PP)
8. Senators , Jonathan Ferland 18 (Keegan Lowe 13, Anthony Bitetto 7) at 18:32
Penalties :
Jamie Oleksiak (RIM) for Holding (Minor) at 2:56, Zemgus Girgensons (BIN) for Hooking (Minor) at 7:35, Zemgus Girgensons (BIN) for Checking from behind (Minor) at 11:38, Martin Hanzal (RIM) for Tripping (Minor) at 17:42
3rd period
9. Senators , Jonathan Ferland 19 (Keegan Lowe 14, Nick Foligno 17) at 18:15 (PP)
Penalties :
Brett Bulmer (BIN) for Roughing (Minor) at 1:22, Jack Dougherty (BIN) for Holding (Minor) at 10:26, Martin Hanzal (RIM) for Holding (Minor) at 18:07
Goalie Stats
Justin Peters (BIN), 23 saves from 26 shots - (0.885), W, 14-10-2, 60:00 minutes
Laurent Brossoit (RIM), 16 saves from 21 shots - (0.762), L, 14-8-2, 38:32 minutes
Ebbe Siönäs (RIM), 3 saves from 4 shots - (0.750), 21:28 minutes
Players Stats for Senators
Player Name G A P +/- PIM S H SB GA TA FO MP PP MP PK MP
------------------------------------------------------------------------------------
A.J. Jenks 0 0 0 -1 0 1 1 1 0 0 0/0 6:50 0:00 0:00
Anthony Bitetto 0 1 1 0 0 1 1 1 0 1 0/0 28:28 3:23 4:44
Brett Bulmer 0 0 0 -1 2 0 0 0 1 1 0/0 5:27 0:00 0:00
Chandler Stephenson 0 3 3 3 0 2 2 1 0 0 2/4 14:45 0:00 1:09
Dylan Blujus 0 1 1 1 0 0 0 0 0 0 0/0 19:32 1:17 2:31
Eric Mestery 0 0 0 1 0 0 2 2 0 0 0/0 11:12 0:00 0:00
Grant Besse 0 0 0 3 0 0 1 1 0 0 0/1 12:43 0:00 0:00
Jack Dougherty 1 0 1 1 2 1 1 2 0 0 0/0 10:48 0:00 0:00
Jonathan Ferland 2 1 3 -1 0 3 2 1 1 0 3/6 23:07 3:02 3:32
Keegan Lowe 0 2 2 0 0 1 3 3 1 0 0/0 26:35 3:23 4:44
Kevin Rooney 0 0 0 0 0 0 3 0 0 1 4/12 17:45 1:38 0:30
Nathan Gerbe 0 1 1 0 0 2 1 0 0 0 14/28 20:47 3:02 3:37
Nick Foligno 1 1 2 0 0 3 0 3 0 0 1/3 19:51 3:02 2:22
Philippe Myers 0 0 0 0 0 0 0 0 0 0 0/0 3:32 0:00 0:00
Scott Harrington 0 1 1 1 0 0 3 0 0 0 0/0 19:57 1:17 2:31
Tomas Jurco 0 0 0 0 0 2 2 0 1 2 0/0 18:57 1:38 2:22
Zachary Sanford 2 1 3 3 0 6 2 0 1 0 0/0 14:46 0:00 0:29
Zemgus Girgensons 0 0 0 0 4 3 0 1 0 0 0/1 17:39 1:38 0:29
Players Stats for Wolfes
Player Name G A P +/- PIM S H SB GA TA FO MP PP MP PK MP
------------------------------------------------------------------------------------
Alexandre Grenier 1 0 1 -1 0 6 0 0 0 0 0/0 23:57 4:23 3:30
Anton Karlsson 0 0 0 0 0 0 0 0 0 0 1/3 1:03 0:00 1:03
Anton Lindholm 0 0 0 0 0 0 0 1 0 1 0/0 11:58 0:00 1:10
Benn Ferriero 0 0 0 -2 0 0 0 0 0 0 0/0 11:16 0:00 0:00
Blake Pietila 0 1 1 -1 0 2 0 0 0 1 0/0 20:53 4:23 0:53
Cameron Darcy 0 0 0 0 0 0 0 0 0 0 0/0 0:12 0:09 0:00
Damon Severson 0 1 1 -1 0 2 2 1 0 0 0/0 26:58 4:14 3:31
Eric Robinson 0 0 0 0 0 0 0 0 0 0 0/0 8:15 0:00 0:00
Fredrik Olofsson 0 0 0 0 0 0 0 0 0 0 0/0 0:00 0:00 0:00
Jakub Zboril 0 0 0 1 0 0 0 0 0 0 0/0 4:45 0:00 0:17
Jamie Oleksiak 0 1 1 0 2 6 2 2 1 0 0/0 26:59 4:14 2:04
Jeffrey Foss 0 0 0 -2 0 1 3 2 0 0 0/0 18:43 3:01 1:09
Joe Morrow 0 0 0 0 0 0 1 1 0 0 0/0 11:53 0:00 0:00
Kevin Stenlund 0 0 0 0 0 0 0 0 0 0 0/0 0:00 0:00 0:00
Kyle Rau 1 0 1 1 0 2 2 1 0 0 6/9 15:10 2:43 0:00
Lawson Crouse 0 1 1 1 2 0 0 0 0 0 0/0 15:46 2:42 0:14
Martin Hanzal 1 1 2 -1 4 2 3 2 2 1 18/32 23:15 4:32 2:38
Matthew Highmore 0 0 0 0 0 0 0 0 0 0 1/1 8:15 0:00 0:00
Max Friberg 0 1 1 1 0 1 0 0 0 0 0/0 16:03 2:43 0:53
Michael Stone 0 0 0 -2 0 1 0 1 0 0 0/0 18:43 3:01 1:09
Nolan Vesey 0 0 0 -2 0 0 2 1 0 1 0/0 11:16 0:00 0:00
Sebastian Aho 0 0 0 -2 0 2 0 1 1 0 4/9 11:25 0:00 0:09
Thomas Spelling 0 0 0 0 0 1 0 0 1 1 1/1 8:15 0:00 0:00
Vaclav Karabacek 0 0 0 0 0 0 0 0 0 0 0/0 0:00 0:00 0:00
Victor Olofsson 0 0 0 0 0 0 0 0 0 0 0/0 0:16 0:10 0:00
3 Stars
1 - Zachary Sanford (BIN)
2 - Chandler Stephenson (BIN)
3 - Jonathan Ferland (BIN)
Power Play
Senators - 2 on 4 Attempt(s) - 50.00%
Wolfes - 1 on 4 Attempt(s) - 25.00%
Penalty Kill
Senators - 3 on 4 Attempt(s) - 75.00%
- Score 0 goal in Penalty Kill
Wolfes - 2 on 4 Attempt(s) - 50.00%
- Score 0 goal in Penalty Kill
Team Stat
Senators - Hits : 24 - Faceoff Wins : 24 - Blocked Shots : 16 - Penalty Minutes : 8
Wolfes - Hits : 15 - Faceoff Wins : 31 - Blocked Shots : 13 - Penalty Minutes : 8
Official
Referees : Unknown
Linesman : Unknown
Game Notes
Ebbe Siönäs enters game at 18:32 of 2nd period
Finance
Level 1 -- Attendance: 1249 (62.45%) -- Ticket Income $49,960
Level 2 -- Attendance: 710 (71.00%) -- Ticket Income $14,200
Total Attendance: 1959 (65.30%)
Total Ticket Income: $64,160
Other Income: $3,208
Total Income: $67,368
Senators
5 vs 5 Forward
Center Left Wing Right Wing Time % Phy DF OF
1 Nathan Gerbe Nick Foligno Jonathan Ferland 40 1 2 2
2 Kevin Rooney Zemgus Girgensons Tomas Jurco 30 1 2 2
3 Chandler Stephenson Zachary Sanford Grant Besse 20 1 2 2
4 Jonathan Ferland A.J. Jenks Brett Bulmer 10 1 2 2
5 vs 5 Defense
Defense Defense Time % Phy DF OF
1 Anthony Bitetto Keegan Lowe 40 1 2 2
2 Scott Harrington Dylan Blujus 30 1 2 2
3 Eric Mestery Jack Dougherty 20 1 2 2
4 Philippe Myers Anthony Bitetto 10 1 2 2
PowerPlay Forward
Center Left Wing Right Wing Time % Phy DF OF
1 Nathan Gerbe Nick Foligno Jonathan Ferland 60 1 2 2
2 Kevin Rooney Zemgus Girgensons Tomas Jurco 40 1 2 2
PowerPlay Defense
Defense Defense Time % Phy DF OF
1 Anthony Bitetto Keegan Lowe 60 1 2 2
2 Scott Harrington Dylan Blujus 40 1 2 2
Penalty Kill 4 Players Forward
Center Wing Time % Phy DF OF
1 Jonathan Ferland Nathan Gerbe 60 1 2 2
2 Tomas Jurco Nick Foligno 40 1 2 2
Penalty Kill 4 Players Defense
Defense Defense Time % Phy DF OF
1 Anthony Bitetto Keegan Lowe 60 1 2 2
2 Scott Harrington Dylan Blujus 40 1 2 2
Penalty Kill - 3 Players Forward
Forward Time % Phy DF OF
1 Jonathan Ferland 60 1 2 2
2 Nathan Gerbe 40 1 2 2
Penalty Kill - 3 Players Defense
Defense Defense Time % Phy DF OF
1 Anthony Bitetto Keegan Lowe 60 1 2 2
2 Scott Harrington Dylan Blujus 40 1 2 2
4 vs 4 Forward
Center Wing Time % Phy DF OF
1 Jonathan Ferland Nathan Gerbe 60 1 2 2
2 Tomas Jurco Nick Foligno 40 1 2 2
4 vs 4 Defense
Defense Defense Time % Phy DF OF
1 Anthony Bitetto Keegan Lowe 60 1 2 2
2 Scott Harrington Dylan Blujus 40 1 2 2
Last Minutes Offensive
Center Left Wing Right Wing Defense Defense
Nathan Gerbe Nick Foligno Jonathan Ferland Anthony Bitetto Keegan Lowe
Last Minutes Defensive
Center Left Wing Right Wing Defense Defense
Nathan Gerbe Nick Foligno Jonathan Ferland Anthony Bitetto Keegan Lowe
Goaltenders
Starting : Justin Peters
Backup : Sami Aittokallio
Extra Forwards
Normal : Zachary Sanford, A.J. Jenks, Chandler Stephenson - PP : Zachary Sanford, A.J. Jenks - PK : Chandler Stephenson
Extra Defensemen
Normal : Eric Mestery, Jack Dougherty, Philippe Myers - PP : Eric Mestery - PK : Jack Dougherty, Philippe Myers
Penalty Shots
Jonathan Ferland, Nathan Gerbe, Tomas Jurco, Nick Foligno, Zemgus Girgensons
Scratches
Jordan Schroeder (Right Hand Injury), Zach Nastasiuk (Healthy), Anthony Richard (Healthy), Jonas Siegenthaler (Healthy), Mason Geertsen (Healthy)
Blake Coleman (Healthy), Branden Troock (Healthy), Gustav Forsling (Healthy), Warren Foegele (Healthy), Jake Evans (Healthy)
Adam Ollas-Mattsson (Healthy), Maxim Letunov (Healthy), Pontus Sjalin (Healthy), Keven Bouchard (Healthy)
Wolfes
5 vs 5 Forward
Center Left Wing Right Wing Time % Phy DF OF
1 Martin Hanzal Blake Pietila Alexandre Grenier 40 1 2 2
2 Kyle Rau Lawson Crouse Max Friberg 30 1 2 2
3 Sebastian Aho Nolan Vesey Benn Ferriero 20 1 2 2
4 Matthew Highmore Eric Robinson Thomas Spelling 10 1 2 2
5 vs 5 Defense
Defense Defense Time % Phy DF OF
1 Jamie Oleksiak Damon Severson 40 1 2 2
2 Michael Stone Jeffrey Foss 30 1 2 2
3 Joe Morrow Anton Lindholm 20 1 2 2
4 Jakub Zboril Jamie Oleksiak 10 1 2 2
PowerPlay Forward
Center Left Wing Right Wing Time % Phy DF OF
1 Martin Hanzal Blake Pietila Alexandre Grenier 60 1 2 2
2 Kyle Rau Lawson Crouse Max Friberg 40 1 2 2
PowerPlay Defense
Defense Defense Time % Phy DF OF
1 Jamie Oleksiak Damon Severson 60 1 2 2
2 Michael Stone Jeffrey Foss 40 1 2 2
Penalty Kill 4 Players Forward
Center Wing Time % Phy DF OF
1 Martin Hanzal Alexandre Grenier 60 1 2 2
2 Blake Pietila Max Friberg 40 1 2 2
Penalty Kill 4 Players Defense
Defense Defense Time % Phy DF OF
1 Jamie Oleksiak Damon Severson 60 1 2 2
2 Michael Stone Jeffrey Foss 40 1 2 2
Penalty Kill - 3 Players Forward
Forward Time % Phy DF OF
1 Martin Hanzal 60 1 2 2
2 Alexandre Grenier 40 1 2 2
Penalty Kill - 3 Players Defense
Defense Defense Time % Phy DF OF
1 Jamie Oleksiak Damon Severson 60 1 2 2
2 Michael Stone Jeffrey Foss 40 1 2 2
4 vs 4 Forward
Center Wing Time % Phy DF OF
1 Martin Hanzal Alexandre Grenier 60 1 2 2
2 Blake Pietila Max Friberg 40 1 2 2
4 vs 4 Defense
Defense Defense Time % Phy DF OF
1 Jamie Oleksiak Damon Severson 60 1 2 2
2 Michael Stone Jeffrey Foss 40 1 2 2
Last Minutes Offensive
Center Left Wing Right Wing Defense Defense
Martin Hanzal Blake Pietila Alexandre Grenier Jamie Oleksiak Damon Severson
Last Minutes Defensive
Center Left Wing Right Wing Defense Defense
Martin Hanzal Blake Pietila Alexandre Grenier Jamie Oleksiak Damon Severson
Goaltenders
Starting : Laurent Brossoit
Backup : Ebbe Siönäs
Extra Forwards
Normal : Victor Olofsson, Cameron Darcy, Anton Karlsson - PP : Victor Olofsson, Cameron Darcy - PK : Anton Karlsson
Extra Defensemen
Normal : Joe Morrow, Anton Lindholm, Jakub Zboril - PP : Joe Morrow - PK : Anton Lindholm, Jakub Zboril
Penalty Shots
Martin Hanzal, Alexandre Grenier, Blake Pietila, Max Friberg, Kyle Rau
Scratches
Zachary Senyshyn (Healthy), Louis Belpedio (Healthy), Kyle Pettit (Healthy), Dylan Sadowy (Healthy)
% Time on Ice - Senators
Lines # - Real PCT - Wanted PCT - Time Play
Normal Forward
1 - 32% - 40% - 15:29
2 - 33% - 30% - 15:57
3 - 24% - 20% - 11:43
4 - 10% - 10% - 4:56
Normal Defense
1 - 38% - 40% - 18:28
2 - 33% - 30% - 15:44
3 - 22% - 20% - 10:44
4 - 7% - 10% - 3:09
PP Forward
1 - 65% - 60% - 3:02
2 - 35% - 40% - 1:38
PP Defense
1 - 73% - 60% - 3:23
2 - 28% - 40% - 1:17
PK Forward
1 - 67% - 60% - 4:53
2 - 33% - 40% - 2:22
PK Defense
1 - 65% - 60% - 4:44
2 - 35% - 40% - 2:31
PK3 Forward
1 - 0% - 60%
2 - 0% - 40%
PK3 Defense
1 - 0% - 60%
2 - 0% - 40%
44 Forward
1 - 0% - 60%
2 - 0% - 40%
44 Defense
1 - 0% - 60%
2 - 0% - 40%
Last Minute Offensive - 0:00
Last Minute Defensive - 0:00
Total
Forward - 60:00
Defense - 60:00
|
% Time on Ice - Wolfes
Lines # - Real PCT - Wanted PCT - Time Play
Normal Forward
1 - 34% - 40% - 16:07
2 - 26% - 30% - 12:27
3 - 23% - 20% - 11:16
4 - 17% - 10% - 8:15
Normal Defense
1 - 38% - 40% - 18:16
2 - 30% - 30% - 14:33
3 - 22% - 20% - 10:48
4 - 9% - 10% - 4:28
PP Forward
1 - 63% - 60% - 4:32
2 - 37% - 40% - 2:43
PP Defense
1 - 58% - 60% - 4:14
2 - 42% - 40% - 3:01
PK Forward
1 - 81% - 60% - 3:47
2 - 19% - 40% - 0:53
PK Defense
1 - 75% - 60% - 3:31
2 - 25% - 40% - 1:09
PK3 Forward
1 - 0% - 60%
2 - 0% - 40%
PK3 Defense
1 - 0% - 60%
2 - 0% - 40%
44 Forward
1 - 0% - 60%
2 - 0% - 40%
44 Defense
1 - 0% - 60%
2 - 0% - 40%
Last Minute Offensive - 0:00
Last Minute Defensive - 0:00
Total
Forward - 60:00
Defense - 60:00
|
Play-by-Play
1st period
0:01 of 1st period - Martin Hanzal wins face-off versus Nathan Gerbe in neutral zone.
1:27 of 1st period - Slapshot by Tomas Jurco.
1:27 of 1st period - Shot Blocked by Anton Lindholm.
1:29 of 1st period - Slapshot by Keegan Lowe.
1:29 of 1st period - Shot Blocked by Joe Morrow.
2:55 of 1st period - Snap shot by Zachary Sanford.
2:55 of 1st period - Stopped by Laurent Brossoit without a rebound.
2:56 of 1st period - Kevin Rooney wins face-off versus Kyle Rau in Wolfes zone.
3:54 of 1st period - Zemgus Girgensons is hit by Jamie Oleksiak and loses puck.
4:45 of 1st period - Nolan Vesey is hit by A.J. Jenks.
6:00 of 1st period - Wrist shot by Kyle Rau.
6:00 of 1st period - Stopped by Justin Peters with a rebound.
6:44 of 1st period - Kyle Rau is hit by Nathan Gerbe and loses puck.
8:31 of 1st period - Anthony Bitetto is hit by Damon Severson and loses puck.
9:08 of 1st period - Zachary Sanford is hit by Jeffrey Foss and loses puck.
9:27 of 1st period - Benn Ferriero is hit by Jack Dougherty and loses puck.
9:42 of 1st period - Snap shot by Thomas Spelling.
9:42 of 1st period - Shot Misses the Net.
10:57 of 1st period - Snap shot by Alexandre Grenier.
10:57 of 1st period - Shot Blocked by Keegan Lowe.
11:00 of 1st period - Icing by Anthony Bitetto.
11:01 of 1st period - Martin Hanzal wins face-off versus Kevin Rooney in Senators zone.
11:04 of 1st period - Snap shot by Alexandre Grenier.
11:04 of 1st period - Shot Misses the Net.
12:52 of 1st period - Backhand shot by Alexandre Grenier.
12:52 of 1st period - Deflect By Blake Pietila.
12:52 of 1st period - Shot Misses the Net.
12:52 of 1st period - Puck is out of play.
12:53 of 1st period - Kevin Rooney wins face-off versus Martin Hanzal in Senators zone.
13:02 of 1st period - Snap shot by Alexandre Grenier.
13:02 of 1st period - Shot Misses the Net.
13:04 of 1st period - Wrist shot by Alexandre Grenier.
13:04 of 1st period - Shot Misses the Net.
13:06 of 1st period - Wrist shot by Alexandre Grenier.
13:06 of 1st period - Stopped by Justin Peters without a rebound.
13:07 of 1st period - Nathan Gerbe wins face-off versus Martin Hanzal in Senators zone.
13:23 of 1st period - Jamie Oleksiak is hit by Jonathan Ferland and loses puck.
13:34 of 1st period - Alexandre Grenier is hit by Kevin Rooney and loses puck.
14:02 of 1st period - Snap shot by Martin Hanzal.
14:02 of 1st period - Shot Blocked by Eric Mestery.
14:04 of 1st period - Wrist shot by Damon Severson.
14:04 of 1st period - Shot Blocked by Eric Mestery.
14:06 of 1st period - Backhand shot by Jamie Oleksiak.
14:06 of 1st period - Stopped by Justin Peters without a rebound.
14:07 of 1st period - Kyle Rau wins face-off versus Nathan Gerbe in Senators zone.
14:08 of 1st period - Slapshot by Max Friberg.
14:08 of 1st period - Shot Misses the Net.
14:10 of 1st period - Wrist shot by Lawson Crouse.
14:10 of 1st period - Shot Misses the Net.
14:32 of 1st period - Benn Ferriero is hit by Anthony Bitetto and loses puck.
14:55 of 1st period - Wrist shot by Grant Besse.
14:55 of 1st period - Shot Misses the Net.
14:57 of 1st period - Snap shot by Anthony Bitetto.
14:57 of 1st period - Stopped by Laurent Brossoit without a rebound.
14:58 of 1st period - Kyle Rau wins face-off versus Nathan Gerbe in Wolfes zone.
15:12 of 1st period - Off-side.
15:13 of 1st period - Martin Hanzal wins face-off versus Nick Foligno in neutral zone.
15:28 of 1st period - Slapshot by Martin Hanzal.
15:28 of 1st period - Shot Misses the Net.
15:30 of 1st period - Wrist shot by Blake Pietila.
15:30 of 1st period - Shot Misses the Net.
16:00 of 1st period - Snap shot by Tomas Jurco.
16:00 of 1st period - Stopped by Laurent Brossoit without a rebound.
16:01 of 1st period - Sebastian Aho wins face-off versus Grant Besse in Wolfes zone.
16:08 of 1st period - Wrist shot by Sebastian Aho.
16:08 of 1st period - Stopped by Justin Peters without a rebound.
16:09 of 1st period - Martin Hanzal wins face-off versus Nathan Gerbe in Senators zone.
16:10 of 1st period - Slapshot by Blake Pietila.
16:10 of 1st period - Stopped by Justin Peters with a rebound.
16:16 of 1st period - Snap shot by Blake Pietila.
16:16 of 1st period - Shot Misses the Net.
16:18 of 1st period - Slapshot by Jamie Oleksiak.
16:18 of 1st period - Stopped by Justin Peters with a rebound.
16:20 of 1st period - Slapshot by Damon Severson.
16:20 of 1st period - Shot Blocked by Jonathan Ferland.
16:22 of 1st period - Wrist shot by Martin Hanzal.
16:22 of 1st period - Goal by Martin Hanzal - Senators : 0 - Wolfes : 1.
16:23 of 1st period - Martin Hanzal wins face-off versus Nathan Gerbe in neutral zone.
16:39 of 1st period - Backhand shot by Jonathan Ferland.
16:39 of 1st period - Shot Blocked by Martin Hanzal.
16:49 of 1st period - Blake Pietila is hit by Chandler Stephenson and loses puck.
17:02 of 1st period - Snap shot by Alexandre Grenier.
17:02 of 1st period - Deflect By Blake Pietila.
17:02 of 1st period - Shot Blocked by Chandler Stephenson.
17:02 of 1st period - Puck is out of play.
17:03 of 1st period - Kyle Rau wins face-off versus Nathan Gerbe in Senators zone.
17:14 of 1st period - Lawson Crouse is hit by Scott Harrington.
18:36 of 1st period - Snap shot by Tomas Jurco.
18:36 of 1st period - Shot Blocked by Kyle Rau.
18:54 of 1st period - Nathan Gerbe is hit by Nolan Vesey and loses puck.
18:59 of 1st period - Snap shot by Sebastian Aho.
18:59 of 1st period - Stopped by Justin Peters with a rebound.
19:15 of 1st period - Snap shot by Jamie Oleksiak.
19:15 of 1st period - Shot Blocked by Grant Besse.
19:35 of 1st period - Wrist shot by Martin Hanzal.
19:35 of 1st period - Stopped by Justin Peters with a rebound.
19:43 of 1st period - Wrist shot by Zachary Sanford.
19:43 of 1st period - Shot Blocked by Jeffrey Foss.
19:45 of 1st period - Slapshot by Zachary Sanford.
19:45 of 1st period - Shot Misses the Net.
19:47 of 1st period - Slapshot by Zachary Sanford.
19:47 of 1st period - Shot Misses the Net.
19:49 of 1st period - Slapshot by Anthony Bitetto.
19:49 of 1st period - Shot Blocked by Jeffrey Foss.
19:51 of 1st period - Snap shot by Zachary Sanford.
19:51 of 1st period - Stopped by Laurent Brossoit without a rebound.
19:52 of 1st period - Kyle Rau wins face-off versus Kevin Rooney in Wolfes zone.
19:54 of 1st period - Minor Penalty to Lawson Crouse for High sticking.
19:55 of 1st period - Nathan Gerbe wins face-off versus Martin Hanzal in Wolfes zone.
19:57 of 1st period - Snap shot by Nick Foligno.
19:57 of 1st period - Stopped by Laurent Brossoit without a rebound.
19:58 of 1st period - Nick Foligno wins face-off versus Martin Hanzal in Wolfes zone.
Goals for this period are 0 for Senators vs 1 for Wolfes.
Shots for this period are 5 for Senators vs 9 for Wolfes.
2nd period
0:01 of 2nd period - Nathan Gerbe wins face-off versus Martin Hanzal in neutral zone.
0:14 of 2nd period - Snap shot by Nathan Gerbe.
0:14 of 2nd period - Shot Blocked by Jamie Oleksiak.
0:16 of 2nd period - Slapshot by Nathan Gerbe.
0:16 of 2nd period - Stopped by Laurent Brossoit with a rebound.
0:26 of 2nd period - Jamie Oleksiak is hit by Kevin Rooney and loses puck.
0:31 of 2nd period - Snap shot by Zemgus Girgensons.
0:31 of 2nd period - Stopped by Laurent Brossoit without a rebound.
0:32 of 2nd period - Martin Hanzal wins face-off versus Kevin Rooney in Wolfes zone.
0:42 of 2nd period - Off-side.
0:43 of 2nd period - Martin Hanzal wins face-off versus Nathan Gerbe in neutral zone.
0:47 of 2nd period - Icing by Keegan Lowe.
0:48 of 2nd period - Martin Hanzal wins face-off versus Nathan Gerbe in Senators zone.
0:57 of 2nd period - Wrist shot by Martin Hanzal.
0:57 of 2nd period - Shot Misses the Net.
0:59 of 2nd period - Slapshot by Damon Severson.
0:59 of 2nd period - Deflect By Martin Hanzal.
0:59 of 2nd period - Shot Blocked by Nick Foligno.
0:59 of 2nd period - Puck is out of play.
1:00 of 2nd period - Martin Hanzal wins face-off versus Nathan Gerbe in Senators zone.
1:11 of 2nd period - Backhand shot by Alexandre Grenier.
1:11 of 2nd period - Stopped by Justin Peters with a rebound.
1:54 of 2nd period - Penalty to Lawson Crouse is over, Lawson Crouse is back on ice.
2:20 of 2nd period - Slapshot by Alexandre Grenier.
2:20 of 2nd period - Stopped by Justin Peters without a rebound.
2:21 of 2nd period - Sebastian Aho wins face-off versus Zemgus Girgensons in Senators zone.
2:22 of 2nd period - Slapshot by Jamie Oleksiak.
2:22 of 2nd period - Stopped by Justin Peters with a rebound.
2:24 of 2nd period - Wrist shot by Nolan Vesey.
2:24 of 2nd period - Shot Misses the Net.
2:26 of 2nd period - Slapshot by Jamie Oleksiak.
2:26 of 2nd period - Shot Blocked by Jack Dougherty.
2:28 of 2nd period - Slapshot by Damon Severson.
2:28 of 2nd period - Deflect By Eric Mestery.
2:28 of 2nd period - Stopped by Justin Peters without a rebound.
2:29 of 2nd period - Kevin Rooney wins face-off versus Sebastian Aho in Senators zone.
2:56 of 2nd period - Minor Penalty to Jamie Oleksiak for Holding.
2:57 of 2nd period - Martin Hanzal wins face-off versus Nathan Gerbe in Wolfes zone.
3:05 of 2nd period - Anthony Bitetto is hit by Martin Hanzal and loses puck.
3:22 of 2nd period - Anthony Bitetto is hit by Martin Hanzal and loses puck.
4:56 of 2nd period - Penalty to Jamie Oleksiak is over, Jamie Oleksiak is back on ice.
4:58 of 2nd period - Icing by Anton Lindholm.
4:59 of 2nd period - Sebastian Aho wins face-off versus Kevin Rooney in Wolfes zone.
5:15 of 2nd period - Wrist shot by Zachary Sanford.
5:15 of 2nd period - Shot Blocked by Nolan Vesey.
5:17 of 2nd period - Snap shot by Zachary Sanford.
5:17 of 2nd period - Shot Misses the Net.
5:27 of 2nd period - Snap shot by A.J. Jenks.
5:27 of 2nd period - Stopped by Laurent Brossoit without a rebound.
5:28 of 2nd period - Kyle Rau wins face-off versus Jonathan Ferland in Wolfes zone.
5:37 of 2nd period - Snap shot by Max Friberg.
5:37 of 2nd period - Stopped by Justin Peters with a rebound.
5:39 of 2nd period - Slapshot by Joe Morrow.
5:39 of 2nd period - Shot Blocked by A.J. Jenks.
5:41 of 2nd period - Slapshot by Max Friberg.
5:41 of 2nd period - Shot Misses the Net.
5:43 of 2nd period - Snap shot by Kyle Rau.
5:43 of 2nd period - Shot Misses the Net.
5:58 of 2nd period - Snap shot by Martin Hanzal.
5:58 of 2nd period - Shot Blocked by Zemgus Girgensons.
6:17 of 2nd period - Icing by Dylan Blujus.
6:18 of 2nd period - Chandler Stephenson wins face-off versus Sebastian Aho in Senators zone.
6:29 of 2nd period - Snap shot by Zachary Sanford.
6:29 of 2nd period - Shot Misses the Net.
6:31 of 2nd period - Wrist shot by Zachary Sanford.
6:31 of 2nd period - Goal by Zachary Sanford - Senators : 1 - Wolfes : 1.
6:32 of 2nd period - Nathan Gerbe wins face-off versus Martin Hanzal in neutral zone.
7:35 of 2nd period - Minor Penalty to Zemgus Girgensons for Hooking.
7:36 of 2nd period - Jonathan Ferland wins face-off versus Martin Hanzal in Senators zone.
8:11 of 2nd period - Damon Severson is hit by Keegan Lowe and loses puck.
9:07 of 2nd period - Lawson Crouse is hit by Zachary Sanford and loses puck.
9:35 of 2nd period - Penalty to Zemgus Girgensons is over, Zemgus Girgensons is back on ice.
9:42 of 2nd period - Snap shot by Chandler Stephenson.
9:42 of 2nd period - Stopped by Laurent Brossoit with a rebound.
9:44 of 2nd period - Snap shot by Zachary Sanford.
9:44 of 2nd period - Shot Misses the Net.
9:46 of 2nd period - Slapshot by Jack Dougherty.
9:46 of 2nd period - Goal by Jack Dougherty - Senators : 2 - Wolfes : 1.
9:47 of 2nd period - Nathan Gerbe wins face-off versus Sebastian Aho in neutral zone.
10:37 of 2nd period - Lawson Crouse is hit by Grant Besse and loses puck.
11:30 of 2nd period - Anthony Bitetto is hit by Jeffrey Foss and loses puck.
11:38 of 2nd period - Minor Penalty to Zemgus Girgensons for Checking from behind.
11:39 of 2nd period - Jonathan Ferland wins face-off versus Martin Hanzal in Senators zone.
11:39 of 2nd period - Jonathan Ferland is hit by Jamie Oleksiak.
11:51 of 2nd period - Icing by Jamie Oleksiak.
11:52 of 2nd period - Martin Hanzal wins face-off versus Jonathan Ferland in Wolfes zone.
12:56 of 2nd period - Snap shot by Alexandre Grenier.
12:56 of 2nd period - Goal by Alexandre Grenier - Senators : 2 - Wolfes : 2.
12:57 of 2nd period - Nathan Gerbe wins face-off versus Kyle Rau in neutral zone.
13:38 of 2nd period - Slapshot by Jeffrey Foss.
13:38 of 2nd period - Stopped by Justin Peters without a rebound.
13:39 of 2nd period - Chandler Stephenson wins face-off versus Sebastian Aho in Senators zone.
14:15 of 2nd period - Snap shot by Martin Hanzal.
14:15 of 2nd period - Shot Blocked by Nick Foligno.
14:17 of 2nd period - Slapshot by Jamie Oleksiak.
14:17 of 2nd period - Shot Misses the Net.
14:27 of 2nd period - Slapshot by Thomas Spelling.
14:27 of 2nd period - Shot Misses the Net.
14:29 of 2nd period - Wrist shot by Anton Lindholm.
14:29 of 2nd period - Deflect By Thomas Spelling.
14:29 of 2nd period - Shot Blocked by Jack Dougherty.
14:29 of 2nd period - Puck is out of play.
14:30 of 2nd period - Matthew Highmore wins face-off versus Kevin Rooney in Senators zone.
14:31 of 2nd period - Wrist shot by Thomas Spelling.
14:31 of 2nd period - Shot Misses the Net.
14:37 of 2nd period - Slapshot by Keegan Lowe.
14:37 of 2nd period - Shot Misses the Net.
14:39 of 2nd period - Slapshot by Keegan Lowe.
14:39 of 2nd period - Stopped by Laurent Brossoit without a rebound.
14:40 of 2nd period - Kevin Rooney wins face-off versus Martin Hanzal in Wolfes zone.
14:43 of 2nd period - Snap shot by Kevin Rooney.
14:43 of 2nd period - Shot Blocked by Martin Hanzal.
14:55 of 2nd period - Slapshot by Tomas Jurco.
14:55 of 2nd period - Shot Misses the Net.
14:57 of 2nd period - Backhand shot by Tomas Jurco.
14:57 of 2nd period - Stopped by Laurent Brossoit with a rebound.
14:59 of 2nd period - Wrist shot by Zemgus Girgensons.
14:59 of 2nd period - Stopped by Laurent Brossoit with a rebound.
15:05 of 2nd period - Snap shot by Tomas Jurco.
15:05 of 2nd period - Shot Blocked by Jamie Oleksiak.
15:07 of 2nd period - Wrist shot by Anthony Bitetto.
15:07 of 2nd period - Shot Blocked by Damon Severson.
15:09 of 2nd period - Wrist shot by Tomas Jurco.
15:09 of 2nd period - Shot Hit the Post.
15:44 of 2nd period - Snap shot by Kevin Rooney.
15:44 of 2nd period - Shot Misses the Net.
15:46 of 2nd period - Snap shot by Zemgus Girgensons.
15:46 of 2nd period - Stopped by Laurent Brossoit without a rebound.
15:47 of 2nd period - Nathan Gerbe wins face-off versus Kyle Rau in Wolfes zone.
16:02 of 2nd period - Wrist shot by Jonathan Ferland.
16:02 of 2nd period - Shot Misses the Net.
16:33 of 2nd period - Snap shot by Kyle Rau.
16:33 of 2nd period - Goal by Kyle Rau - Senators : 2 - Wolfes : 3.
16:34 of 2nd period - Nathan Gerbe wins face-off versus Sebastian Aho in neutral zone.
16:47 of 2nd period - Slapshot by Jonathan Ferland.
16:47 of 2nd period - Shot Misses the Net.
16:49 of 2nd period - Wrist shot by Nathan Gerbe.
16:49 of 2nd period - Shot Misses the Net.
17:05 of 2nd period - Off-side.
17:06 of 2nd period - Martin Hanzal wins face-off versus Nathan Gerbe in neutral zone.
17:09 of 2nd period - Slapshot by Michael Stone.
17:09 of 2nd period - Shot Misses the Net.
17:33 of 2nd period - Snap shot by Chandler Stephenson.
17:33 of 2nd period - Stopped by Laurent Brossoit with a rebound.
17:35 of 2nd period - Slapshot by Scott Harrington.
17:35 of 2nd period - Deflect By Zachary Sanford.
17:35 of 2nd period - Stopped by Laurent Brossoit with a rebound.
17:37 of 2nd period - Snap shot by Zachary Sanford.
17:37 of 2nd period - Goal by Zachary Sanford - Senators : 3 - Wolfes : 3.
17:38 of 2nd period - Nathan Gerbe wins face-off versus Martin Hanzal in neutral zone.
17:42 of 2nd period - Minor Penalty to Martin Hanzal for Tripping.
17:43 of 2nd period - Anton Karlsson wins face-off versus Nathan Gerbe in Wolfes zone.
17:48 of 2nd period - Icing by Nick Foligno.
17:49 of 2nd period - Nathan Gerbe wins face-off versus Anton Karlsson in Senators zone.
18:16 of 2nd period - Snap shot by Nick Foligno.
18:16 of 2nd period - Deflect By Sebastian Aho.
18:16 of 2nd period - Goal by Nick Foligno - Senators : 4 - Wolfes : 3.
18:17 of 2nd period - Martin Hanzal wins face-off versus Nick Foligno in neutral zone.
18:22 of 2nd period - Slapshot by Jamie Oleksiak.
18:22 of 2nd period - Deflect By Nathan Gerbe.
18:22 of 2nd period - Stopped by Justin Peters with a rebound.
18:30 of 2nd period - Wrist shot by Jonathan Ferland.
18:30 of 2nd period - Stopped by Laurent Brossoit with a rebound.
18:32 of 2nd period - Snap shot by Jonathan Ferland.
18:32 of 2nd period - Goal by Jonathan Ferland - Senators : 5 - Wolfes : 3.
18:32 of 2nd period - Ebbe Siönäs enters game.
18:33 of 2nd period - Nathan Gerbe wins face-off versus Martin Hanzal in neutral zone.
18:58 of 2nd period - Kyle Rau is hit by Keegan Lowe and loses puck.
19:10 of 2nd period - Icing by Grant Besse.
19:11 of 2nd period - Sebastian Aho wins face-off versus Chandler Stephenson in Senators zone.
19:20 of 2nd period - Snap shot by Zachary Sanford.
19:20 of 2nd period - Shot Blocked by Michael Stone.
19:26 of 2nd period - Sebastian Aho is hit by Chandler Stephenson and loses puck.
19:43 of 2nd period - Blake Pietila is hit by Scott Harrington.
Goals for this period are 5 for Senators vs 2 for Wolfes.
Shots for this period are 16 for Senators vs 9 for Wolfes.
3rd period
0:01 of 3rd period - Kyle Rau wins face-off versus Nathan Gerbe in neutral zone.
0:06 of 3rd period - Slapshot by Jamie Oleksiak.
0:06 of 3rd period - Deflect By Jonathan Ferland.
0:06 of 3rd period - Stopped by Justin Peters with a rebound.
0:08 of 3rd period - Slapshot by Damon Severson.
0:08 of 3rd period - Shot Blocked by Keegan Lowe.
0:10 of 3rd period - Slapshot by Damon Severson.
0:10 of 3rd period - Stopped by Justin Peters with a rebound.
0:12 of 3rd period - Snap shot by Kyle Rau.
0:12 of 3rd period - Deflect By Max Friberg.
0:12 of 3rd period - Shot Misses the Net.
0:12 of 3rd period - Puck is out of play.
0:13 of 3rd period - Nathan Gerbe wins face-off versus Martin Hanzal in Senators zone.
0:24 of 3rd period - Slapshot by Alexandre Grenier.
0:24 of 3rd period - Shot Misses the Net.
0:44 of 3rd period - Jamie Oleksiak is hit by Tomas Jurco and loses puck.
1:22 of 3rd period - Minor Penalty to Brett Bulmer for Roughing.
1:23 of 3rd period - Martin Hanzal wins face-off versus Jonathan Ferland in Senators zone.
1:59 of 3rd period - Snap shot by Kyle Rau.
1:59 of 3rd period - Shot Misses the Net.
3:22 of 3rd period - Penalty to Brett Bulmer is over, Brett Bulmer is back on ice.
4:05 of 3rd period - Wrist shot by Tomas Jurco.
4:05 of 3rd period - Shot Misses the Net.
4:42 of 3rd period - Eric Mestery is hit by Damon Severson and loses puck.
5:13 of 3rd period - Jonathan Ferland is hit by Martin Hanzal and loses puck.
5:32 of 3rd period - Zachary Sanford is hit by Kyle Rau and loses puck.
6:29 of 3rd period - Wrist shot by Michael Stone.
6:29 of 3rd period - Stopped by Justin Peters with a rebound.
6:31 of 3rd period - Snap shot by Matthew Highmore.
6:31 of 3rd period - Shot Misses the Net.
6:57 of 3rd period - Snap shot by Max Friberg.
6:57 of 3rd period - Shot Blocked by Anthony Bitetto.
7:23 of 3rd period - Jakub Zboril is hit by Eric Mestery and loses puck.
7:34 of 3rd period - Wrist shot by Thomas Spelling.
7:34 of 3rd period - Shot Misses the Net.
8:14 of 3rd period - Max Friberg is hit by Eric Mestery and loses puck.
8:29 of 3rd period - Slapshot by Blake Pietila.
8:29 of 3rd period - Stopped by Justin Peters with a rebound.
8:38 of 3rd period - Icing by Alexandre Grenier.
8:39 of 3rd period - Thomas Spelling wins face-off versus Chandler Stephenson in Wolfes zone.
8:39 of 3rd period - Thomas Spelling is hit by Scott Harrington.
9:23 of 3rd period - Scott Harrington is hit by Joe Morrow and loses puck.
9:49 of 3rd period - Slapshot by Joe Morrow.
9:49 of 3rd period - Shot Blocked by Keegan Lowe.
10:26 of 3rd period - Minor Penalty to Jack Dougherty for Holding.
10:27 of 3rd period - Jonathan Ferland wins face-off versus Martin Hanzal in Senators zone.
10:53 of 3rd period - Jonathan Ferland is hit by Kyle Rau and loses puck.
12:10 of 3rd period - Max Friberg is hit by Keegan Lowe.
12:14 of 3rd period - Michael Stone is hit by Tomas Jurco and loses puck.
12:26 of 3rd period - Penalty to Jack Dougherty is over, Jack Dougherty is back on ice.
12:36 of 3rd period - Zemgus Girgensons is hit by Jeffrey Foss and loses puck.
12:53 of 3rd period - Thomas Spelling is hit by Zachary Sanford and loses puck.
13:04 of 3rd period - Wrist shot by Zachary Sanford.
13:04 of 3rd period - Stopped by Ebbe Siönäs with a rebound.
13:22 of 3rd period - Snap shot by Jonathan Ferland.
13:22 of 3rd period - Shot Misses the Net.
13:24 of 3rd period - Slapshot by Brett Bulmer.
13:24 of 3rd period - Shot Misses the Net.
13:26 of 3rd period - Slapshot by Brett Bulmer.
13:26 of 3rd period - Shot Blocked by Sebastian Aho.
15:54 of 3rd period - Anthony Bitetto is hit by Nolan Vesey and loses puck.
17:33 of 3rd period - Slapshot by Thomas Spelling.
17:33 of 3rd period - Stopped by Justin Peters with a rebound.
17:35 of 3rd period - Wrist shot by Thomas Spelling.
17:35 of 3rd period - Shot Misses the Net.
17:37 of 3rd period - Slapshot by Anton Lindholm.
17:37 of 3rd period - Deflect By Eric Robinson.
17:37 of 3rd period - Shot Blocked by Nick Foligno.
17:37 of 3rd period - Puck is out of play.
17:38 of 3rd period - Martin Hanzal wins face-off versus Kevin Rooney in Senators zone.
17:39 of 3rd period - Wrist shot by Alexandre Grenier.
17:39 of 3rd period - Stopped by Justin Peters without a rebound.
17:40 of 3rd period - Martin Hanzal wins face-off versus Kevin Rooney in Senators zone.
17:45 of 3rd period - Snap shot by Alexandre Grenier.
17:45 of 3rd period - Stopped by Justin Peters without a rebound.
17:46 of 3rd period - Martin Hanzal wins face-off versus Kevin Rooney in Senators zone.
18:07 of 3rd period - Minor Penalty to Martin Hanzal for Holding.
18:08 of 3rd period - Nathan Gerbe wins face-off versus Anton Karlsson in Wolfes zone.
18:11 of 3rd period - Snap shot by Nathan Gerbe.
18:11 of 3rd period - Stopped by Ebbe Siönäs with a rebound.
18:13 of 3rd period - Snap shot by Nick Foligno.
18:13 of 3rd period - Stopped by Ebbe Siönäs with a rebound.
18:15 of 3rd period - Slapshot by Keegan Lowe.
18:15 of 3rd period - Deflect By Jonathan Ferland.
18:15 of 3rd period - Goal by Jonathan Ferland - Senators : 6 - Wolfes : 3.
18:16 of 3rd period - Martin Hanzal wins face-off versus Nathan Gerbe in neutral zone.
18:35 of 3rd period - Blake Pietila is hit by Jonathan Ferland.
18:45 of 3rd period - Lawson Crouse is hit by Kevin Rooney and loses puck.
19:46 of 3rd period - Wrist shot by Kyle Rau.
19:46 of 3rd period - Shot Misses the Net.
19:48 of 3rd period - Slapshot by Jamie Oleksiak.
19:48 of 3rd period - Stopped by Justin Peters without a rebound.
19:49 of 3rd period - Nathan Gerbe wins face-off versus Martin Hanzal in Senators zone.
Goals for this period are 1 for Senators vs 0 for Wolfes.
Shots for this period are 4 for Senators vs 8 for Wolfes.